 Dungeon Crawl Stone Soup version 0.30.0-5-g1a98f26d00 (webtiles) character file.

Game seed: 10225534549724371060

506 retardedninja the Chopper (level 6, -2/47 (53) HPs)
             Began as a Minotaur Fighter on May 8, 2023.
             Slain by a wight
             ... wielding a +3 morningstar
              (10 damage)
             ... on level 5 of the Dungeon.
             The game lasted 00:03:57 (3332 turns).

retardedninja the Chopper (Minotaur Fighter)        Turns: 3332, Time: 00:03:58

HP:   -2/47 (53)    AC: 11    Str: 23    XL:     6   Next: 97%
MP:   5/5           EV:  8    Int:  5    God:
Gold: 168           SH:  4    Dex:  7    Spells: 5/5 levels left

rFire   . . .        a - +0 war axe
rCold   . . .        c - +0 buckler
rNeg    . . .        e - +0 chain mail
rPois   +            (helmet restricted)
rElec   .            (no cloak)
rCorr   +            (no gloves)
SInv    .            m - +0 pair of boots
Will    .....        (no amulet) Stlth
                     f - ring of resist corrosion
HPRegen 0.27/turn    k - ring of poison resistance
MPRegen 0.09/turn

%: no passive effects
@: heavily drained
A: horns 2, retaliatory headbutt, clumsy 1, wild magic 1
a: no special abilities


You were on level 5 of the Dungeon.
You visited 1 branch of the dungeon, and saw 5 of its levels.

You collected 168 gold pieces.

Inventory:

Hand Weapons
 a - a +0 war axe (weapon)
Armour
 c - a +0 buckler (worn)
 e - a +0 chain mail (worn)
 m - a +0 pair of boots (worn)
Jewellery
 f - a ring of resist corrosion (left hand)
 k - a ring of poison resistance (right hand)
Wands
 s - a wand of mindburst (6)
Scrolls
 h - 4 scrolls of teleportation
 i - a scroll of enchant armour {unknown}
 l - 2 scrolls of blinking
 n - 2 scrolls of immolation
 o - a scroll of vulnerability
 r - a scroll of magic mapping {unknown}
Potions
 b - a potion of resistance
 d - 3 potions of might
 g - a potion of curing
 p - 2 potions of degeneration


   Skills:
 + Level 4.7 Fighting
 + Level 6.2 Axes
 + Level 5.8 Armour
 + Level 1.3 Dodging
 + Level 0.4 Stealth
 + Level 4.3 Shields
 + Level 0.9 Evocations


You had 5 spell levels left.
You didn't know any spells.
Your spell library contained the following spells:

 Spells                   Type           Power      Damage    Failure   Level
 Sandblast                Erth           0%         2d4       99%         1
 Blink                    Tloc           0%         N/A       99%         2
 Passwall                 Tmut/Erth      0%         N/A       99%         2
 Stone Arrow              Conj/Erth      0%         3d7       100%        3
 Summon Guardian Golem    Hex/Summ       0%         N/A       100%        3
 Vhi's Electric Charge    Tloc/Air       0%         N/A       100%        3
 Manifold Assault         Tloc           0%         N/A       100%        4
 Arcjolt                  Conj/Air       0%         1d10      100%        5
 Orb of Destruction       Conj           0%         9d5       100%        7
 Spellforged Servitor     Conj/Summ      0%         N/A       100%        7
 Storm Form               Tmut/Air       0%         N/A       100%        7
 Maxwell's Capacitive Co  Air            0%         ∞         100%        8


Dungeon Overview and Level Annotations

Branches:
Dungeon (5/15)
 Temple: D:4-7

Altars:
Fedhas
Qazlal

Shops:
D:5 *


Innate Abilities, Weirdness & Mutations

You have a pair of horns on your head.
You reflexively headbutt those who attack you in melee.
You are clumsy. (Dex -2)
Your spells are a little harder to cast, but a little more powerful.


Message History

The wight hits you from afar with a +0 trident.
Your Axes skill increases to level 6!
Aiming: Mindburst
Press: ? - help, Q - select action Shift-Dir - straight line, f - wight
Aim: a wight, wielding a +3 morningstar and wearing a +0 robe (chance to affect: 67%)
The wight struggles to resist.
You block the wight's attack. The wight closely misses you.
You furiously retaliate!
You headbutt the wight! The wight barely misses you.
You completely miss the wight. You headbutt the wight.
You destroy the wight!
You closely miss the wight. You block the wight's attack.
The wight barely misses you. x2; You block the wight's attack.
You block the wight's attack.
Things that are here:
a +2 short sword; a +0 robe The wight completely misses you.
You barely miss the wight. You headbutt the wight!
The wight is severely damaged.
The wight hits you but does no damage.
The wight hits you with a +3 morningstar!
You feel drained. The wight hits you but does no damage.
There is an open door, spattered with blood here.
You hit the wight but do no damage. You barely miss the wight.
The wight hits you with a +3 morningstar.
You feel drained. The wight hits you with a +0 trident.
You hit the wight. You headbutt the wight!
The wight is heavily damaged.
You closely miss the wight. The wight barely misses you.
The wight hits you but does no damage.
You barely miss the wight.
The wight is heavily damaged.
You barely miss the wight.
The wight hits you with a +3 morningstar.
You feel drained. The wight hits you but does no damage.
The wight hits you with a +0 trident!
* * * LOW HITPOINT WARNING * * *
You feel drained.
* * * LOW HITPOINT WARNING * * *
The wight hits you with a +3 morningstar!
You die...

#... #....#.........
#...##....#.........
..........#.........
..........#.........
..........#.........
############'###.........
..................†......
...............z######+##
................@z......#
...............)#.......#
................#...$...#
................#.......#
................#$......#
######'#########........#
..........# ........#
..........# #.......#
..........# ........#


You could see 2 wights.

Vanquished Creatures
  A scorpion (D:5)
  3 wights (D:5)
  A hound (D:4)
  2 jellies (D:4)
  A sleepcap (D:4)
  An iguana (D:4)
  Robin (D:4)
  2 gnolls (D:4)
  5 adders
  2 worms (D:2)
  4 dart slugs
  4 orcs
  4 ball pythons
  3 endoplasms
  4 giant cockroaches
  10 hobgoblins
  5 kobolds
  5 quokkas
  2 bats (D:2)
  A frilled lizard (D:1)
  10 goblins
  2 rats (D:2)
73 creatures vanquished.

Notes
Turn   | Place    | Note
-------+----------+-------------------------------------------
     0 | D:1      | retardedninja the Minotaur Fighter began the quest for the
                  | Orb.
     0 | D:1      | Reached XP level 1. HP: 19/19 MP: 0/0
   302 | D:1      | Reached XP level 2. HP: 27/27 MP: 1/1
   995 | D:2      | Reached XP level 3. HP: 33/33 MP: 2/2
  1411 | D:2      | Reached skill level 3 in Axes
  1457 | D:3      | Found a stormy altar of Qazlal.
  1966 | D:4      | Reached XP level 4. HP: 40/40 MP: 3/3
  1981 | D:4      | Noticed Robin
  1989 | D:4      | HP: 2/40 [goblin/+2 dagger of holy wrath[Robin] (6)]
  1996 | D:4      | Gained mutation: Your spells are a little harder to cast,
                  | but a little more powerful. [potion of mutation]
  1996 | D:4      | Gained mutation: You are clumsy. (Dex -2) [potion of
                  | mutation]
  2003 | D:4      | Reached skill level 4 in Axes
  2004 | D:4      | Killed Robin
  2342 | D:4      | Reached XP level 5. HP: 40/46 MP: 4/4
  2393 | D:4      | Reached skill level 5 in Axes
  2393 | D:4      | Reached skill level 5 in Armour
  2902 | D:4      | Reached skill level 1 in Dodging
  3148 | D:4      | Found a blossoming altar of Fedhas.
  3161 | D:4      | Reached XP level 6. HP: 53/53 MP: 5/5
  3203 | D:5      | Entered Level 5 of the Dungeon
  3236 | D:5      | Found Beyf's General Store.
  3324 | D:5      | Reached skill level 6 in Axes
  3332 | D:5      | Slain by a wight

Illustrated notes

Levels and vault maps discovered:
D:1:      beargit_arrival_diablo_church, layout_basic
D:2:      layout_loops_ring, glass_columns_a, st_stairs_7
D:3:      layout_rooms, lemuel_round_altar, grunt_ministairs_8, glass_columns_c
D:4:      layout_rooms, general_overflow_altar, dreamdust_gnoll_farm, uniq_robin
D:5:      layout_gridville, nicolae_take_the_stairs

Skill      XL: |  1  2  3  4  5  6 |
---------------+-------------------+-----
Shields        | 4 |  4.3
Fighting       | 4 |  4.7
Armour         | 4 5 |  5.8
Axes           | 3 4 5 6 |  6.2
Dodging        | 1 |  1.3
Stealth        | |  0.4
Evocations     | |  0.9

Action                     |  1- 3 |  4- 6 || total
---------------------------+-------+-------++-------
  Melee: War axe           |    83 |    64 ||   147
         Headbutt          |     7 |    10 ||    17
  Evoke: Wand              |       |    12 ||    12
    Use: Potion            |       |     5 ||     5
         Scroll            |       |     7 ||     7
 Armour: Scale mail        |    22 |       ||    22
         Chain mail        |     8 |    68 ||    76
         Skin              |       |    10 ||    10
  Dodge: Dodged            |    31 |    61 ||    92
  Block: Buckler           |    14 |    29 ||    43
